 Dungeon Crawl Stone Soup version 0.20-a0-910-gb611367 (webtiles) character file.

399660 JeffiDaFish the Hoplite (level 22, -6/148 HPs)
             Began as a Gargoyle Fighter on Mar 21, 2017.
             Was the Champion of Trog.
             Mangled by an ettin
             ... wielding a +4 dire flail
              (17 damage)
             ... on level 5 of the Vaults on Mar 25, 2017.
             The game lasted 02:38:37 (51827 turns).

JeffiDaFish the Hoplite (Gargoyle Fighter)         Turns: 51827, Time: 02:38:38

Health: -6/148     AC: 55    Str: 30 (31) XL:     22   Next: 92%
Magic:  22/22      EV: 10    Int: 16      God:    Trog [******]
Gold:   3221       SH:  0    Dex: 21      Spells: 21/21 levels left

rFire    + . .     SeeInvis .   z - +9 falchion "Mias" {elec, rC++ Str+3}
rCold    + + +     Gourm    .   I - +10 plate armour "Jekhlalya" {rF+}
rNeg     + + .     Faith    .   D - +6 large shield of Pegrec {rPois Str+2 Int+3}
rPois    ∞         Spirit   .   P - +2 hat
rElec    +         Reflect  +   O - scarf {repulsion}
rCorr    .         Harm     .   k - +2 pair of gloves
MR       +....                  i - +2 pair of boots
Stlth    ..........             L - +4 amulet of reflection
Regen    0.4/turn               R - ring of Wumom {Str+2 Int+3}
MPRegen  0.2/turn               u - ring of Gomem {rPois rC+ rN+ Dex+3}

@: confused, flying, studying Crossbows, repel missiles
A: antennae 1, big wings, agile 1, deterioration 1, negative energy resistance
1, electricity resistance, strong 1, unbreathing, evolution 1, petrification
resistance, rot immunity, AC +16
}: 3/15 runes: decaying, serpentine, silver
a: Stop Flying, Berserk, Trog's Hand, Brothers in Arms, Burn Spellbooks,
Renounce Religion


You were on level 5 of the Vaults.
You worshipped Trog.
Trog was exalted by your worship.
You were hungry.

You visited 7 branches of the dungeon, and saw 37 of its levels.
You visited 1 bazaar.
You also visited: Ossuary and Ice Cave.

You collected 4233 gold pieces.
You spent 1012 gold pieces at shops.

Inventory:

Hand Weapons
 y - the +12 lance "Wyrmbane" {slay drac, rPois rF+ rC+ AC+3}
   (You found it on level 2 of the Lair of Beasts)

   It affects your AC (+3).
   It protects you from fire.
   It protects you from cold.
   It protects you from poison.
 z - the +9 falchion "Mias" (weapon) {elec, rC++ Str+3}
   (You found it on level 4 of the Lair of Beasts)

   Occasionally, upon striking a foe, it will discharge some electrical energy
   and cause terrible harm.
   It affects your strength (+3).
   It greatly protects you from cold.
 C - a +4 demon whip of draining
 G - a +5 hand crossbow of velocity
Missiles
 o - 1979 bolts (quivered)
Armour
 i - a +2 pair of boots (worn)
 k - a +2 pair of gloves (worn)
 D - the +6 large shield of Pegrec (worn) {rPois Str+2 Int+3}
   (You acquired it on level 3 of the Lair of Beasts)

   It affects your strength (+2).
   It affects your intelligence (+3).
   It protects you from poison.
 I - the +10 plate armour "Jekhlalya" (worn) {rF+}
   (You acquired it on level 5 of the Lair of Beasts)

   It protects you from fire.
 O - a scarf of repulsion (worn)
 P - a +2 hat (worn)
Jewellery
 u - the ring of Gomem (left hand) {rPois rC+ rN+ Dex+3}
   (You found it on level 5 of the Dungeon)

   [ring of poison resistance]

   It affects your dexterity (+3).
   It protects you from cold.
   It protects you from poison.
   It protects you from negative energy.
 J - an uncursed ring of see invisible
 L - a +4 amulet of reflection (around neck)
 R - the ring of Wumom (right hand) {Str+2 Int+3}
   (You found it on level 3 of the Vaults)

   [ring of intelligence]

   It affects your strength (+2).
   It affects your intelligence (+3).
Scrolls
 c - 5 scrolls of fear
 e - 4 scrolls of enchant weapon
 g - 8 scrolls of recharging
 h - 20 scrolls of identify
 l - a scroll of summoning
 p - 13 scrolls of remove curse
 q - 4 scrolls of fog
 s - 6 scrolls of teleportation
 v - a scroll of enchant armour
 M - 4 scrolls of magic mapping
Potions
 a - 4 potions of brilliance
 t - 4 potions of magic
 w - 3 potions of berserk rage
 x - 3 potions of ambrosia
 A - 2 potions of haste
 F - 5 potions of agility
 H - 2 potions of might
Books
 K - a manual of Crossbows
Comestibles
 b - 4 chunks of flesh
 f - 17 bread rations
 j - 19 meat rations
 m - 14 fruits
 r - 4 royal jellies


   Skills:
 * Level 18.8 Fighting
 + Level 12.3 Long Blades
 - Level 12.8 Maces & Flails
 + Level 12.4 Polearms
 - Level 12.4 Crossbows
 * Level 19.1 Armour
 - Level 3.6 Dodging
 - Level 1.0 Stealth
 * Level 21.1 Shields


You had 21 spell levels left.
You didn't know any spells.

Dungeon Overview and Level Annotations

Branches:
Dungeon (15/15)            Temple (1/1) D:5            Lair (6/6) D:9
  Swamp (4/4) Lair:2        Snake (4/4) Lair:2        Slime (0/5) Lair:5
    Orc (2/2) D:11            Elf (0/3) Orc:2        Vaults (5/5) D:13
  Crypt (0/3) Vaults:2     Depths (0/5) D:15

Altars:
Ashenzari
Cheibriados
Dithmenos
Elyvilon
Fedhas
Gozag
Hepliaklqana
Kikubaaqudgha
Makhleb
Nemelex Xobeh
Okawaru
Ru
Sif Muna
Trog
Uskayaw
Vehumet
Wu Jian
Yredelemnul
Zin
The Shining One
Beogh
Jiyva

Shops:
D:6 ?   D:9 [   D:12 !   D:13 !   D:14 *   Orc:2 [[(*   Snake:1 =}=   Snake:4 ?
Vaults:2 ?   Vaults:4 :

Annotations:
D:11 exclusion: 2 oklob plants


Innate Abilities, Weirdness & Mutations

You are resistant to torment.
Your stone body is resilient. (AC +16)
You are immune to poison.
Your large and strong wings let you fly indefinitely.
You resist negative energy. (rN+)
You are resistant to electric shocks. (rElec)
You can survive without breathing.
You are immune to petrification.
You are immune to rotting.
You have a pair of small antennae on your head.
You are agile. (Dex +2)
Your body sometimes deteriorates upon taking damage.
Your muscles are strong. (Str +2)
You evolve.


Message History

You are confused.
The golden eye moves out of view.
You bump into the heavily etched metal wall.
The titan closely misses you.
The ettin hits you with an enchanted dire flail.
The ettin hits you with a dire flail of draining!
The ettin hits you with a dire flail!!
* * * LOW HITPOINT WARNING * * *
Your body deteriorates!
You feel weakened. The ettin hits you but does no damage.
The titan hits you but does no damage.
Items here: $ ( ) † an arbalest; 373 gold pieces; 22 bolts; a yaktaur corpse You slash the titan!
The titan is heavily wounded.
The titan hits you but does no damage.
The ettin hits you with an enchanted dire flail!!
* * * LOW HITPOINT WARNING * * *
The ettin hits you with a dire flail of draining!
You die...

#######################
........))...).........
.......)†)............
##########....)..C########
#...........@CD.......
#......#....#C........
##.....#....#..###..#.
#.....#....#..# ...
##....#....#..# .
###..#....#...
##.#....#.... #....#..#.


You could see a titan, a storm dragon and 2 ettins.

Vanquished Creatures
  Mennas (Vaults:4)
  Vashnia (Snake:4)
  Jorgrun (Swamp:2)
  4 tentacled monstrosities
  An Ice Fiend (IceCv)
  A titan (Vaults:4)
  3 thorn hunters
  6 tengu reavers
  A shadow dragon (Vaults:5)
  Frances (D:14)
  6 sphinxes
  7 nagarajas (Snake:4)
  2 fire giants (Vaults:4)
  5 frost giants
  The ghost of CanOfBees the Earth Mage, a journeyman GrEE of Vehumet (Lair:3)
  2 orc warlords
  15 vault wardens
  Aizul (Snake:4)
  13 ironheart preservers
  The ghost of Nausicaa the Brawler, an adept VSMo of Cheibriados (Snake:4)
  2 very ugly things (Vaults:2)
  A war gargoyle (Vaults:4)
  10 stone giants
  The ghost of om the Grappler, a journeyman TrMo of Wu Jian (D:13)
  An entropy weaver (Vaults:3)
  2 deep elf demonologists (Vaults:4)
  2 deep elf annihilators
  A dire elephant (D:15)
  The ghost of Firebatgyro the Fighter, a journeyman DsWn of Gozag (Lair:3)
  An ettin (Vaults:4)
  A deep elf death mage (Vaults:4)
  2 fire dragons
  Harold (Lair:2)
  A great orb of eyes (shapeshifter) (Vaults:5)
  3 great orbs of eyes
  10 yaktaur captains
  A deep elf high priest (Vaults:4)
  33 vault guards
  A rakshasa (Vaults:3)
  3 catoblepae
  26 hydras
  An ice dragon (Vaults:4)
  10 naga warriors
  8 centaur warriors
  8 anacondas
  37 two-headed ogres
  2 dancing weapons (D:13)
  3 ghost crabs
  A deep troll earth mage (Vaults:4)
  12 ogre magi
  7 death yaks
  4 orc high priests (Orc:2)
  8 alligators
  4 death knights
  2 deep troll shamans
  8 shock serpents
  A spriggan berserker (Swamp:4)
  11 naga sharpshooters
  3 deep elf knights
  15 skeletal warriors
  3 hell knights (Vaults:4)
  3 shadow wraiths
  A salamander mystic (Snake:3)
  A death drake (shapeshifter) (Vaults:4)
  A glowing orange brain (Vaults:4)
  4 unseen horrors
  9 naga ritualists
  10 swamp dragons
  12 deep trolls
  2 shambling mangroves (Swamp:4)
  4 deep elf archers
  4 spriggan druids
  A flayed ghost (Vaults:2)
  4 necromancers
  11 ironbrand convokers
  Pikel (D:7)
  A harpy (Vaults:4)
  7 phantasmal warriors
  A wolf spider zombie (D:14)
  16 orc knights
  4 wolf spiders
  9 mana vipers
  6 orc sorcerers
  A tengu skeleton (Vaults:3)
  19 ugly things
  A manticore (D:15)
  23 deep elf magi
  5 cyclopes
  A salamander (shapeshifter) (Vaults:3)
  10 salamanders
  5 centaur zombies
  14 naga magi
  A stone giant skeleton (Vaults:1)
  A guardian serpent (Snake:4)
  4 elephants (Lair:6)
  8 vault sentinels
  A torpor snail (Lair:6)
  3 ice statues (IceCv)
  37 black mambas
  The ghost of Talauna the Cudgeler, a novice DsAK of Lugonu (Ossuary)
  A storm dragon simulacrum (Vaults:1)
  32 spiny frogs
  2 rime drakes
  2 gargoyles
  A yaktaur (shapeshifter) (Vaults:2)
  2 efreet (D:14)
  A kobold demonologist (D:15)
  A human zombie (Vaults:1)
  9 komodo dragons
  6 freezing wraiths
  38 yaktaurs
  3 anaconda simulacra (IceCv)
  11 ice devils (IceCv)
  A jumping spider (shapeshifter) (D:15)
  A yaktaur skeleton (Vaults:3)
  A merfolk (shapeshifter) (D:15)
  2 meliai (shapeshifter) (Vaults:1)
  13 trolls
  11 tyrant leeches
  A troll (shapeshifter) (Vaults:4)
  15 bog bodies
  27 blink frogs
  14 hornets
  A hippogriff (shapeshifter) (D:13)
  A frost giant simulacrum (Vaults:3)
  5 hippogriffs
  A human simulacrum (Vaults:2)
  33 slime creatures
  A slime creature (shapeshifter) (Vaults:1)
  A dream sheep (shapeshifter) (Vaults:5)
  10 spriggans
  A redback (Vaults:3)
  3 shadows
  An ettin skeleton (Vaults:3)
  A spriggan (shapeshifter) (Vaults:3)
  A tarantella (shapeshifter) (Vaults:4)
  2 wyverns
  2 dire elephant simulacra (IceCv)
  6 wraiths
  3 basilisks
  53 yaks
  3 hogs (D:7)
  2 hungry ghosts
  A human (D:7)
  35 vampire mosquitoes
  3 wargs (Orc:2)
  A yaktaur simulacrum (Vaults:1)
  An iron troll simulacrum (IceCv)
  2 soldier ants (shapeshifter)
  A soldier ant (D:15)
  29 nagas
  11 insubstantial wisps
  10 water moccasins
  2 hell hounds (Lair:3)
  14 swamp worms
  2 acid dragons (Vaults:1)
  8 porcupines
  2 floating eyes (shapeshifter)
  4 hydra simulacra (IceCv)
  2 human skeletons
  7 swamp drakes
  4 ice beasts
  4 black bears
  An ettin simulacrum (Vaults:1)
  4 sky beasts
  A slave (D:7)
  A necrophage (D:6)
  45 orc warriors
  3 phantoms
  An eye of draining (D:15)
  An eye of draining (shapeshifter) (Vaults:3)
  23 ogres
  13 wolves
  21 centaurs
  6 crocodiles
  A big kobold (D:8)
  Blork the orc (D:5)
  2 elf zombies (Ossuary)
  24 bullfrogs
  A gnoll sergeant (D:12)
  A deep troll simulacrum (Vaults:3)
  A glowing shapeshifter simulacrum (Vaults:1)
  A scorpion (shapeshifter) (Vaults:4)
  5 scorpions
  24 killer bees
  An orc simulacrum (Vaults:1)
  8 wights
  2 howler monkeys
  2 electric eels (Lair:6)
  10 crimson imps
  A quasit (D:9)
  2 bullfrog zombies
  7 hounds
  3 jellies
  29 orc priests
  4 centaur skeletons
  A bullfrog skeleton (D:9)
  Jessica (D:3)
  7 iguanas
  37 orc wizards
  10 worker ants
  A killer bee zombie (D:8)
  4 mummies (Ossuary)
  5 adders
  8 gnolls
  5 shadow imps
  2 adder zombies (Ossuary)
  An adder skeleton (D:4)
  A worm (D:2)
  2 dart slugs
  5 leopard geckos
  113 orcs
  7 giant cockroaches
  10 goblins
  8 hobgoblins
  12 jackals
  11 quokkas
  2 ball pythons
  7 bats
  4 frilled lizards
  A gnoll zombie (Ossuary)
  A goblin zombie (Ossuary)
  A hobgoblin zombie (Ossuary)
  15 kobolds
  2 kobold zombies (Ossuary)
  3 orc zombies (Ossuary)
  A quokka skeleton (D:6)
  11 rats
1590 creatures vanquished.

Vanquished Creatures (others)
  Donald (Swamp:2)
  An ironheart preserver (Vaults:2)
  2 stone giants
  7 yaktaur captains
  6 naga sharpshooters
  A deep troll (Vaults:4)
  3 deep elf archers (Vaults:1)
  A cyclops (Vaults:1)
  A spiny frog (Swamp:2)
  14 yaktaurs
  2 hornets
  A spriggan (Swamp:2)
  A vampire mosquito (Swamp:2)
  2 nagas
  3 slaves (D:7)
  A centaur (D:7)
  A killer bee (D:7)
  An orc (Vaults:3)
  A hobgoblin (D:1)
  21 fungi
  75 plants
146 creatures vanquished.

Grand Total: 1736 creatures vanquished

Notes
Turn   | Place    | Note
-------+----------+-------------------------------------------
     0 | D:1      | JeffiDaFish the Gargoyle Fighter began the quest for the Orb.
     0 | D:1      | Reached XP level 1. HP: 14/14 MP: 1/1
   139 | D:1      | Reached XP level 2. HP: 19/19 MP: 2/2
   664 | D:1      | Reached XP level 3. HP: 23/23 MP: 3/3
   937 | D:2      | Reached skill level 4 in Shields
  1011 | D:2      | Reached XP level 4. HP: 20/28 MP: 4/4
  1070 | D:2      | Found a hide-covered altar of Uskayaw.
  1623 | D:3      | Noticed Jessica
  1639 | D:3      | Killed Jessica
  1639 | D:3      | Reached XP level 5. HP: 31/33 MP: 5/5
  1817 | D:3      | Found a faded altar of an unknown god.
  2040 | D:3      | Noticed an angel
  2041 | D:3      | Found a glowing silver altar of Zin.
  2246 | D:4      | Found a burning altar of Makhleb.
  2409 | D:4      | Reached XP level 6. HP: 38/38 MP: 6/6
  2745 | D:5      | Entered Level 5 of the Dungeon
  2779 | D:5      | Found a staircase to the Ecumenical Temple.
  2813 | D:5      | Noticed an ice beast
  2816 | D:5      | HP: 1/38 [orc priest/divine providence (9)]
  2821 | Temple   | Entered the Ecumenical Temple
  2828 | Temple   | Reached skill level 5 in Shields
  3346 | Temple   | Became a worshipper of Trog the Wrathful
  3395 | Temple   | Reached XP level 7. HP: 17/43 MP: 7/7
  3402 | Temple   | Reached skill level 5 in Maces & Flails
  3632 | D:5      | Reached skill level 5 in Armour
  3640 | D:5      | Noticed Blork the orc
  3646 | D:5      | Killed Blork the orc
  3779 | D:5      | Reached skill level 1 in Dodging
  4085 | D:5      | Got a crude lead ring
  4105 | D:5      | Found an iron altar of Okawaru.
  4164 | D:5      | Reached XP level 8. HP: 48/48 MP: 8/8
  4532 | D:6      | Identified the ring of Gomem {rPois rC+ rN+ Dex+3} (You found it on level 5 of the Dungeon)
  4593 | D:6      | Reached * piety under Trog
  4641 | D:6      | Reached skill level 6 in Shields
  4652 | D:6      | Found Such's Magic Scroll Emporium.
  4707 | D:6      | Bought a scroll of enchant armour for 90 gold pieces
  4900 | D:6      | Found a sand-covered staircase.
  4925 | D:6      | Found a shadowy altar of Dithmenos.
  4931 | Ossuary  | Entered an ossuary
  4942 | Ossuary  | Reached skill level 5 in Fighting
  4949 | Ossuary  | Noticed Talauna's ghost (novice DsAK)
  4982 | Ossuary  | Killed Talauna's ghost
  4982 | Ossuary  | Reached skill level 7 in Shields
  4982 | Ossuary  | Reached XP level 9. HP: 26/54 MP: 9/9
  5705 | D:7      | Reached ** piety under Trog
  5958 | D:7      | Noticed a hornet
  5976 | D:7      | Killed a hornet
  6009 | D:7      | Noticed Pikel
  6026 | D:7      | Killed Pikel
  6026 | D:7      | Reached skill level 8 in Shields
  6135 | D:7      | Upgraded the game from 0.20-a0-903-g7e3609c to 0.20-a0-909-g1a4ba80
  6231 | D:7      | You fall through a shaft for 3 floors!
  6231 | D:10     | Entered Level 10 of the Dungeon
  6241 | D:10     | Reached XP level 10. HP: 60/60 MP: 10/10
  6460 | D:9      | Noticed a two-headed ogre
  6470 | D:9      | Killed a two-headed ogre
  6470 | D:9      | Reached skill level 9 in Shields
  6507 | D:9      | Noticed a death yak
  6508 | D:9      | Noticed a death yak
  6541 | D:9      | Killed a death yak
  6549 | D:9      | Noticed a death yak
  6549 | D:9      | Noticed a death yak
  6550 | D:9      | Noticed a death yak
  6555 | D:9      | Noticed a death yak
  6556 | D:9      | Noticed a death yak
  6642 | D:7      | Killed a death yak
  6976 | D:7      | Reached skill level 10 in Maces & Flails
  7178 | D:7      | Reached skill level 10 in Shields
  7200 | D:7      | Reached *** piety under Trog
  7200 | D:7      | Reached XP level 11. HP: 65/66 MP: 11/11
  7763 | D:8      | Killed a death yak
  8233 | D:9      | Found a staircase to the Lair.
  8272 | D:9      | Killed a death yak
  8281 | D:9      | Killed a death yak
  8281 | D:9      | Reached skill level 11 in Shields
  8306 | D:9      | Killed a death yak
  8341 | D:9      | Killed a death yak
  8484 | D:9      | Reached **** piety under Trog
  8923 | D:9      | Found Uhoot's Antique Armour Boutique.
  9126 | Lair:1   | Entered Level 1 of the Lair of Beasts
  9231 | Lair:1   | Noticed an eight-headed hydra
  9249 | Lair:1   | Killed an eight-headed hydra
  9249 | Lair:1   | Reached XP level 12. HP: 52/73 MP: 12/12
  9358 | Lair:1   | Reached skill level 12 in Shields
 10304 | Lair:2   | Noticed Harold
 10376 | Lair:2   | Killed Harold
 10768 | Lair:2   | Found a staircase to the Snake Pit.
 10910 | Lair:2   | Reached ***** piety under Trog
 11077 | Lair:2   | Found a staircase to the Swamp.
 11397 | Lair:3   | Reached skill level 1 in Polearms
 11514 | Lair:3   | Noticed CanOfBees's ghost (journeyman GrEE)
 11534 | Lair:3   | Noticed Firebatgyro's ghost (journeyman DsWn)
 11762 | Lair:3   | Killed Firebatgyro's ghost
 11762 | Lair:3   | Reached skill level 10 in Armour
 12045 | Lair:3   | Killed CanOfBees's ghost
 12186 | Lair:3   | Identified a scroll of acquirement
 12187 | Lair:3   | Got a faintly glowing large shield
 12198 | Lair:3   | Identified the +6 large shield of Pegrec {rPois Str+2 Int+3} (You acquired it on level 3 of the Lair of Beasts)
 12371 | Lair:3   | Reached skill level 13 in Shields
 12379 | Lair:3   | Reached XP level 13. HP: 44/80 MP: 13/13
 12769 | Lair:4   | Got a crystal falchion
 12770 | Lair:4   | Identified the +9 falchion "Mias" {elec, rC++ Str+3} (You found it on level 4 of the Lair of Beasts)
 13147 | Lair:4   | Reached skill level 1 in Long Blades
 13715 | Lair:5   | Got a smoking helmet
 13726 | Lair:5   | Identified the +2 helmet of Ocran {rC+++ rCorr MP+9 Dex-4} (You acquired it on level 5 of the Lair of Beasts)
 13973 | Lair:5   | Got an ancient plate armour
 13984 | Lair:5   | Identified the +10 plate armour "Jekhlalya" {rF+} (You acquired it on level 5 of the Lair of Beasts)
 14162 | Lair:5   | Found a staircase to the Slime Pits.
 14163 | Lair:5   | Found a viscous altar of Jiyva.
 14399 | Lair:6   | Entered Level 6 of the Lair of Beasts
 14693 | Lair:6   | Received a gift from Trog
 14853 | Lair:6   | Reached skill level 14 in Shields
 15148 | Lair:6   | Reached skill level 5 in Long Blades
 15202 | Lair:6   | Reached skill level 1 in Stealth
 15277 | Lair:6   | Gained mutation: Your large and strong wings let you fly indefinitely. [Gargoyle growth]
 15277 | Lair:6   | Reached XP level 14. HP: 38/87 MP: 14/14
 15607 | Lair:6   | Reached skill level 5 in Polearms
 15783 | Lair:6   | Received a gift from Trog
 16186 | Lair:6   | Reached skill level 10 in Fighting
 16351 | Lair:6   | Reached skill level 15 in Shields
 16879 | D:10     | Reached skill level 1 in Crossbows
 16885 | D:10     | Received a gift from Trog
 18186 | D:11     | Found a staircase to the Orcish Mines.
 18657 | D:12     | Reached ****** piety under Trog
 18994 | D:12     | Found Entikot's Distillery.
 19165 | D:12     | Gained mutation: Scrolls take you a little longer to read. [potion of mutation]
 19165 | D:12     | Gained mutation: You evolve. [potion of mutation]
 19244 | D:12     | Reached XP level 15. HP: 93/93 MP: 15/15
 19375 | D:13     | Noticed om's ghost (journeyman TrMo)
 19404 | D:13     | Killed om's ghost
 19616 | D:13     | Received a gift from Trog
 19764 | D:13     | Found a gate to the Vaults.
 19861 | D:13     | Paralysed by a floating eye for 2 turns
 19874 | D:13     | Found a white marble altar of Elyvilon.
 19983 | D:13     | Found Pecy's Distillery.
 20062 | D:13     | Received a gift from Trog
 20823 | D:14     | Noticed Frances
 20892 | D:14     | Killed Frances
 21256 | D:14     | Found Kukhliuch's Assorted Antiques.
 21366 | D:14     | Reached skill level 5 in Crossbows
 21467 | D:14     | Found an ancient bone altar of Kikubaaqudgha.
 21561 | D:15     | Entered Level 15 of the Dungeon
 21782 | D:15     | Received a gift from Trog
 22106 | D:15     | Received a gift from Trog
 22486 | D:15     | Received a gift from Trog
 22499 | D:15     | Found a staircase to the Depths.
 22662 | D:15     | Reached XP level 16. HP: 101/101 MP: 16/16
 22669 | D:15     | Reached skill level 16 in Shields
 23071 | Orc:1    | Entered Level 1 of the Orcish Mines
 23227 | Orc:2    | Entered Level 2 of the Orcish Mines
 23313 | Orc:2    | Found a roughly hewn altar of Beogh.
 23313 | Orc:2    | Found Paguceusai's General Store.
 23577 | Orc:2    | Found a roughly hewn altar of Beogh.
 23628 | Orc:2    | Found a staircase to the Elven Halls.
 23669 | Orc:2    | Received a gift from Trog
 23744 | Orc:2    | Got a transparent demon trident {god gift}
 23747 | Orc:2    | Identified the +2 demon trident of Indignation {freeze, rPois Str+3} (Trog gifted it to you on level 2 of the Orcish Mines)
 23776 | Orc:2    | Lost mutation: Scrolls take you a little longer to read. [evolution]
 23987 | Orc:2    | Found a roughly hewn altar of Beogh.
 24431 | Orc:2    | Found a roughly hewn altar of Beogh.
 24686 | Orc:2    | Received a gift from Trog
 25094 | Orc:2    | Received a gift from Trog
 25117 | Orc:2    | Found Vehusuuc's Antique Weapon Shop.
 25121 | Orc:2    | Found Omnociek's Antique Armour Boutique.
 25143 | Orc:2    | Found a roughly hewn altar of Beogh.
 25163 | Orc:2    | Bought a pair of runed gloves for 232 gold pieces
 25213 | Orc:2    | Found a roughly hewn altar of Beogh.
 25254 | Orc:2    | Found Unoridgh's Armour Emporium.
 25459 | Swamp:1  | Entered Level 1 of the Swamp
 25635 | Swamp:1  | Got a vibrating pewter ring
 25637 | Swamp:1  | Identified the ring "Keublauq" {rCorr Int+4} (You found it on level 1 of the Swamp)
 25769 | Swamp:1  | Noticed a tentacled monstrosity
 25798 | Swamp:1  | Killed a tentacled monstrosity
 26513 | Swamp:2  | Noticed Donald
 26516 | Swamp:2  | Noticed Jorgrun
 26619 | Swamp:2  | Received a gift from Trog
 26629 | Swamp:2  | Killed Donald
 26748 | Swamp:2  | Killed Jorgrun
 26748 | Swamp:2  | Received a gift from Trog
 28271 | Swamp:3  | Noticed a thorn hunter
 28294 | Swamp:3  | Killed a thorn hunter
 28776 | Swamp:3  | Reached XP level 17. HP: 108/108 MP: 17/17
 28825 | Swamp:3  | Received a gift from Trog
 29403 | Swamp:4  | Entered Level 4 of the Swamp
 29534 | Swamp:4  | Received a gift from Trog
 30785 | Swamp:4  | Gained mutation: You are agile. (Dex +2) [evolution]
 31025 | Swamp:4  | Reached skill level 17 in Shields
 31273 | Swamp:4  | Got a decaying rune of Zot
 31699 | Swamp:4  | Reached skill level 10 in Crossbows
 31896 | Snake:1  | Entered Level 1 of the Snake Pit
 32030 | Snake:1  | Received a gift from Trog
 32406 | Snake:1  | Found Japlesm's Gadget Emporium.
 32407 | Snake:1  | Found Jaggudy's Jewellery Boutique.
 32407 | Snake:1  | Found Kacu's Jewellery Boutique.
 32413 | Snake:1  | Bought an uncursed ring of see invisible for 285 gold pieces
 32417 | Snake:1  | Bought a +4 amulet of reflection for 405 gold pieces
 32601 | Snake:2  | Found a frozen archway.
 33029 | IceCv    | Entered an ice cave
 33045 | IceCv    | Received a gift from Trog
 33303 | IceCv    | Noticed an Ice Fiend
 33335 | IceCv    | Killed an Ice Fiend
 33335 | IceCv    | Reached XP level 18. HP: 46/116 MP: 18/18
 33758 | IceCv    | Gained mutation: You have a pair of small antennae on your head. [evolution]
 35432 | Snake:2  | Reached skill level 15 in Armour
 35522 | Snake:3  | Received a gift from Trog
 35744 | Snake:3  | Got a pitted triple sword
 36507 | Snake:4  | Entered Level 4 of the Snake Pit
 36686 | Snake:4  | Noticed Nausicaa's ghost (adept VSMo)
 36705 | Snake:4  | Killed Nausicaa's ghost
 36858 | Snake:4  | Found Jibeussigyo's Magic Scroll Shop.
 37073 | Snake:4  | Noticed Aizul
 37083 | Snake:4  | Killed Aizul
 37224 | Snake:4  | Reached skill level 10 in Long Blades
 37296 | Snake:4  | Noticed Vashnia
 37311 | Snake:4  | Upgraded the game from 0.20-a0-909-g1a4ba80 to 0.20-a0-910-gb611367
 37382 | Snake:4  | Reached skill level 18 in Shields
 37731 | Snake:4  | Received a gift from Trog
 37736 | Snake:4  | Reached skill level 15 in Fighting
 37849 | Snake:4  | Killed Vashnia
 37854 | Snake:4  | Reached XP level 19. HP: 77/124 MP: 19/19
 38319 | Snake:4  | Got a serpentine rune of Zot
 38765 | Vaults:1 | Entered Level 1 of the Vaults
 38811 | Vaults:1 | Reached skill level 10 in Polearms
 38848 | Vaults:1 | Paralysed by an ogre mage for 5 turns
 39625 | Vaults:1 | Received a gift from Trog
 39914 | Vaults:1 | Gained mutation: Your body sometimes deteriorates upon taking damage. [evolution]
 40648 | Vaults:1 | Received a gift from Trog
 41176 | Vaults:2 | Reached XP level 20. HP: 114/131 MP: 20/20
 41373 | Vaults:2 | Found a staircase to the Crypt.
 41373 | Vaults:2 | Found a basalt altar of Yredelemnul.
 41374 | Vaults:2 | Found an ancient bone altar of Kikubaaqudgha.
 41485 | Vaults:2 | Reached skill level 19 in Shields
 41827 | Vaults:2 | Found a flickering gateway to a bazaar.
 41841 | Bazaar   | Entered a bazaar
 41841 | Bazaar   | Found Edihepeifo's Antique Armour Shop.
 41867 | Bazaar   | Found Libudd's Antique Weapon Shop.
 41887 | Bazaar   | Found Nycos's General Store.
 41988 | Vaults:2 | Found Fugit's Magic Scroll Boutique.
 42282 | Vaults:2 | Received a gift from Trog
 43681 | Vaults:3 | Received a gift from Trog
 43720 | Vaults:3 | Got a steaming lead ring
 43721 | Vaults:3 | Identified the ring of Wumom {Str+2 Int+3} (You found it on level 3 of the Vaults)
 44459 | Vaults:3 | Got a transparent arbalest
 44465 | Vaults:3 | Identified the +6 arbalest of Zeugrir {speed, Int+5} (You took it off an orc warrior on level 3 of the Vaults)
 45200 | Vaults:4 | Reached XP level 21. HP: 129/139 MP: 21/21
 45235 | Vaults:4 | Paralysed by an orc sorcerer for 3 turns
 45251 | Vaults:4 | Received a gift from Trog
 45528 | Vaults:4 | Received a gift from Trog
 45716 | Vaults:4 | Received a gift from Trog
 45754 | Vaults:4 | Paralysed by an orc sorcerer for 2 turns
 45958 | Vaults:4 | Received a gift from Trog
 46177 | Vaults:4 | Received a gift from Trog
 46228 | Vaults:4 | Paralysed by a floating eye for 2 turns
 46257 | Vaults:4 | Reached skill level 20 in Shields
 46338 | Vaults:4 | Paralysed by an ogre mage for 6 turns
 46475 | Vaults:4 | Gained mutation: Your muscles are strong. (Str +2) [evolution]
 46969 | Vaults:4 | Found Adajimp's Book Shop.
 47646 | Vaults:4 | Received a gift from Trog
 47683 | Vaults:4 | Got an ichor-stained large shield
 47934 | Vaults:4 | Identified the cursed +0 large shield of Loen {*Corrode Int+8 Dex+2 Stlth+} (You took it off an orc warlord on level 4 of the Vaults)
 48427 | Vaults:4 | Reached XP level 22. HP: 82/146 MP: 22/22
 48579 | Vaults:4 | Received a gift from Trog
 49034 | Vaults:4 | Identified Biakedd's Disquisition on Frigorific Self-Improvement
 49462 | Vaults:5 | Entered Level 5 of the Vaults
 49462 | Vaults:5 | Noticed Mennas
 50445 | Vaults:4 | Paralysed by fainting for 12 turns
 50482 | Vaults:4 | Killed Mennas
 51266 | Vaults:5 | Got a silver rune of Zot
 51305 | Vaults:5 | Received a gift from Trog
 51305 | Vaults:5 | Reached skill level 21 in Shields
 51827 | Vaults:5 | Mangled by an ettin

Vault maps used:
D:1:      dpeg_arrival_court, lemuel_another_geyser
D:2:      lemuel_round_altar
D:3:      zin_angel, first_bread, chequers_ecumenical_altar_simple, uniq_jessica
D:4:      bloody_makhleb
D:5:      overflow_temple_1_default, minmay_temple_entry_grid,
          minmay_misc_feat_columns, solitary_fountain, uniq_blork_the_orc
D:6:      nicolae_overflow_hidden_temple, serial_shops, nicolae_shop_crystal,
          nicolae_ossuary_entry_ruins
D:7:      grunt_livestock, uniq_pikel
D:8:      grunt_ministairs_8
D:9:      dpeg_lair_monsters, serial_shops, shop, kennysheep_generic_room_7
D:11:     orc_0_dummy, disabler_island
D:12:     serial_shops, shop_fountains, serial_glass, glass_columns_a,
          glass_columns_a, glass_columns_a, glass_columns_a, glass_columns_b,
          glass_columns_b, glass_columns_a, glass_columns_a,
          minmay_misc_feat_more_columns, billiards_dpeg
D:13:     erik_vaults_1, serial_column_ruins, column_ruins_hut_pillars,
          column_ruins_grid_2, column_ruins_corridor_corner,
          column_ruins_corridor_straight, column_ruins_open_tiny_water,
          column_ruins_grid_3, serial_shops, shop, basic_altar
D:14:     serial_shops, nicolae_shop_statue_plus, basic_altar, uniq_frances
D:15:     hangedman_depths_entry_try_elsewhere_first, hangedman_decor_riveting
Temple:   regret_index_temple_generic_petals
Lair:2:   swamp_mist, guppyfry_snake_entry_garden, uniq_harold
Lair:3:   enter_volcano_3
Lair:5:   slime_altar_1
Lair:6:   minmay_lair_end_frog_pond
Swamp:1:  nicolae_swamp_treefoil, swamp_pool3
Swamp:2:  evilmike_swamp_ruin_house_2, swamp_pool3, infiniplex_staircase_pool,
          uniq_donald, uniq_jorgrun
Swamp:3:  nicolae_swamp_dense_foliage, swamp_pool4
Swamp:4:  swamp_basic_johnstein, infiniplex_staircase_pool_2
Snake:1:  minmay_shop_grove
Snake:2:  portal_ice_cave_entry_pillars_three
Snake:4:  snake_pit, serial_shops, nicolae_shop_statue_plus, uniq_aizul,
          uniq_vashnia
Orc:1:    serial_shops, nicolae_shop_trees, special_room
Orc:2:    grunt_orc_community_town_hall, grunt_orc_community_big_house_2,
          grunt_orc_community_big_house_1, grunt_orc_community_house_1,
          grunt_orc_community_house_2, grunt_orc_community_house_3,
          grunt_orc_community_house_2, grunt_orc_community_house_3,
          minmay_orc_temple_c
Vaults:1: nicolae_vaults_circle_grid_a, v_misc_12,
          nicolae_vaults_network_barrier, vaults_room_grunt_arrival_ludios,
          nicolae_vaults_diagonal_hallway_8, v_misc_29, v_misc_14,
          nicolae_vaults_what_the_h, vaults_room_fours, v_alt_pattern_1,
          vaults_dpeg_ring
Vaults:2: v_misc_18, nicolae_vaults_halls_meeting,
          minmay_crypt_entry_necro_gods, nicolae_vaults_network_star,
          vaults_dpeg_encased_lava, hangedman_vaults_stagger,
          vaults_room_hallway, nicolae_vaults_twisting_passages,
          vaults_room_hallway, v_misc_25, ontoclasm_vaults_fault,
          vaults_room_fancy_cross, serial_shops, bzr_entry_customers,
          nicolae_shop_stone
Vaults:3: vaults_room_grid, v_misc_26, nicolae_vaults_little_ls, v_misc_9,
          v_misc_16, nicolae_vaults_little_squares_1
Vaults:4: v_misc_16, nicolae_vaults_little_squares_2, vaults_room_ringed_pool,
          st_greater_box_4, vaults_room_boxed,
          nicolae_vaults_stairing_the_circle, ontoclasm_vaults_bender, v_misc_2,
          nicolae_vaults_windows_and_doors_thing, dpeg_vaults_monster_row,
          nicolae_vaults_three_branches, ontoclasm_vaults_loading_screen,
          serial_shops, shop
Vaults:5: serial_shops, uniq_mennas
Bazaar:   bazaar_jpeg_cross
Ossuary:  ossuary_minmay_tomb_2a
IceCv:    ice_cave_tombish

Skill      XL: |  1  2  3  4  5  6  7  8  9 10 11 12 13 14 15 16 17 18 19 20 21 22 |
---------------+-------------------------------------------------------------------+-----
Shields        | 4 5 7 8 10 11 13 14 15 16 17 18 19 20 21 | 21.1
Maces & Flails | 3 4 5 7 9 10 11 12 | 12.8
Armour         | 4 5 6 7 8 9 10 11 12 13 14 15 16 17 18 19 | 19.1
Fighting       | 4 5 6 7 9 10 11 13 14 15 16 17 18 | 18.8
Dodging        | 1 2 3 |  3.6
Polearms       | 2 4 6 7 8 9 10 11 12 | 12.4
Long Blades    | 5 7 9 10 11 12 | 12.3
Stealth        | 1 |  1.0
Crossbows      | 3 6 8 10 11 12 | 12.4

Action                   |  1- 3 |  4- 6 |  7- 9 | 10-12 | 13-15 | 16-18 | 19-21 | 22-24 || total
-------------------------+-------+-------+-------+-------+-------+-------+-------+-------++-------
Melee: Flail             |   181 |   230 |   373 |    18 |       |       |       |       ||   802
       Whip              |       |       |    15 |  1432 |       |       |       |       ||  1447
       Lance             |       |       |       |    63 |   165 |   762 |    34 |    54 ||  1078
       Falchion          |       |       |       |       |  1538 |  1865 |  2394 |   823 ||  6620
       Unarmed           |       |       |       |       |    11 |       |       |       ||    11
       Demon whip        |       |       |       |       |     8 |   234 |    48 |   215 ||   505
 Fire: Hand crossbow     |       |       |       |       |     8 |    39 |    24 |       ||    71
Invok: Burn Spellbooks   |       |       |     2 |     1 |     1 |     2 |     1 |     3 ||    10
       Berserk           |       |       |       |     5 |       |       |       |       ||     5
 Abil: Fly               |       |       |       |       |     1 |       |       |       ||     1
  Use: Scroll            |     6 |     5 |     5 |    14 |    13 |    17 |    12 |     2 ||    74
       Potion            |     7 |     4 |     7 |    12 |     2 |     5 |     2 |    14 ||    53
 Stab: Petrified         |       |       |       |       |     3 |       |     6 |       ||     9
       Confused          |       |       |       |       |     3 |       |       |       ||     3
  Eat: Chunk             |     1 |     7 |    11 |    19 |    30 |    39 |    35 |    10 ||   152
       Royal jelly       |       |       |     1 |     3 |     3 |     7 |     1 |     1 ||    16
       Fruit             |       |       |       |       |     1 |       |     2 |       ||     3
Armor: Chain mail        |   168 |   168 |   275 |   164 |       |       |       |       ||   775
       Scale mail        |     1 |       |       |       |       |       |       |       ||     1
       Plate armour      |       |       |       |   354 |  1053 |  1462 |   880 |   530 ||  4279
       Skin              |       |       |       |       |     1 |       |       |       ||     1
Dodge: Dodged            |    30 |    57 |   121 |   221 |   372 |   498 |   369 |   141 ||  1809
       Deflected         |       |       |       |       |     1 |    43 |    21 |     7 ||    72
Block: Shield            |   131 |   144 |   291 |   630 |       |       |       |       ||  1196
       Large shield      |       |       |       |    23 |  2744 |  4092 |  3370 |  1342 || 11571
       Reflection        |       |       |       |       |       |   167 |   183 |    56 ||   406
       Rpst.: Falchion   |       |       |       |       |    83 |    75 |    49 |    17 ||   224
